 Dungeon Crawl Stone Soup version 0.30-b1-2-g02819fbbbe (webtiles) character file.

Game seed: 1886571950191605727

242 MirrMurr the Ducker (level 5, -2/25 HPs)
             Began as a Spriggan Hunter on May 21, 2023.
             Slain by a gnoll
             ... wielding a +0 whip
              (7 damage)
             ... on level 3 of the Dungeon.
             The game lasted 00:04:26 (1923 turns).

MirrMurr the Ducker (Spriggan Hunter)               Turns: 1923, Time: 00:04:27

Health: -2/25      AC:  2    Str:  9    XL:     5   Next: 81%
Magic:  6/6        EV: 21    Int: 11    God:
Gold:   93         SH:  0    Dex: 18    Spells: 4/4 levels left

rFire   . . .        a - +0 shortbow
rCold   . . .        (shield currently unavailable)
rNeg    . . .        c - +0 robe
rPois   .            (helmet restricted)
rElec   .            (no cloak)
rCorr   .            (gloves unavailable)
SInv    +            (boots unavailable)
Will    .....        (no amulet)
Stlth   ++           (no ring)
HPRegen 0.24/turn    (no ring)
MPRegen 0.10/turn

%: no passive effects
@: very quick
A: very small, no large weapons, unfitting armour, see invisible, speed 3
a: no special abilities


You were on level 3 of the Dungeon.
You visited 1 branch of the dungeon, and saw 3 of its levels.

You collected 93 gold pieces.

Inventory:

Hand Weapons
 a - a +0 shortbow (weapon)
 e - a +0 dagger
Missiles
 h - 9 stones
Armour
 c - a +0 robe (worn)
 m - a +0 buckler
Jewellery
 j - a +6 ring of strength
 k - an amulet of magic regeneration
Scrolls
 b - a scroll of immolation
 f - 3 scrolls of fog
 g - 3 scrolls of identify {unknown}
 l - a scroll of blinking {unknown}
 o - a scroll of enchant armour {unknown}
Potions
 d - 2 potions of curing {unknown}
 i - a potion of haste {unknown}
 n - a potion of heal wounds {unknown}


   Skills:
 - Level 1.5 Fighting
 + Level 5.2 Ranged Weapons
 * Level 6.9 Dodging
 - Level 1.5 Stealth


You had 4 spell levels left.
You didn't know any spells.
Your spell library contained the following spells:

 Spells                   Type           Power      Damage    Failure   Level
 Kiss of Death            Conj/Necr      0%         2d5       34%         1
 Sublimation of Blood     Necr           0%         N/A       47%         2
 Wereblood                Tmut           0%         N/A       47%         2
 Confusing Touch          Hex            0%         N/A       71%         3
 Ozocubu's Armour         Ice            0%         N/A       71%         3
 Dispel Undead            Necr           0%         3d6       98%         4
 Metabolic Englaciation   Hex/Ice        0%         N/A       100%        5
 Simulacrum               Ice/Necr       0%         N/A       100%        6
 Summon Hydra             Summ           0%         N/A       100%        7


Dungeon Overview and Level Annotations

Branches:
Dungeon (3/15)

Altars:

Shops:
D:1 [


Innate Abilities, Weirdness & Mutations

You are very small and have problems with some larger weapons.
You are too small for most types of armour.
You have supernaturally acute eyesight. (SInv)
You cover ground extremely quickly. (Speed+++)


Message History

No target in view!
No target in view!
n - a fuming black potion You see here a hobgoblin corpse.
o - a scroll labelled TOFAFI ONIHAI
Found an escape hatch in the ceiling.
Key pressed, stopping explore.
Key pressed, stopping explore.
Unknown command.
Unknown command.
Unknown command.
Done exploring.
There is an escape hatch in the ceiling here.
A mysterious force pulls you upwards. The hatch slams shut behind you.
(D) Dungeon
Where to? (Enter - D:2 @ (x,y), ? - help)
There is a stone staircase leading down here.
You climb downwards.
There is a stone staircase leading up here.
There is an escape hatch in the ceiling here.
Done exploring.
Search for what [Enter for "."]?
Unknown command.
Unknown command.
(D) Dungeon
Where to? (Enter - D:2 @ (x,y), ? - help)
There is a stone staircase leading down here.
You climb downwards.
There is a stone staircase leading up here.
There are monsters nearby!
You shoot an arrow. The arrow hits the gnoll.
The gnoll is moderately wounded.
The gnoll shouts!
The gnoll misses you. The gnoll hits you with a +0 flail.
The gnoll hits you with a +0 whip.
Unknown command.
The gnoll barely misses you. The gnoll hits you with a +0 flail!
* * * LOW HITPOINT WARNING * * *
The gnoll hits you with a +0 whip!
You die...

.... ...#
....#+# ...#
.......#...#
...........#
...........# .
...........#...
......gg.......
#@......#
#.g.....#
#.#......
#.#.##### #.# #
#.# #.# #.#


You could see 3 gnolls.

Vanquished Creatures
  Sigmund (D:2)
  3 adders (D:2)
  A worm (D:2)
  4 bats (D:1)
  4 endoplasms (D:1)
  4 giant cockroaches (D:1)
  5 goblins
  A hobgoblin (D:2)
  5 kobolds
  3 quokkas
  4 ball pythons (D:1)
  3 frilled lizards
  3 rats (D:1)
41 creatures vanquished.

Notes
Turn   | Place    | Note
-------+----------+-------------------------------------------
     0 | D:1      | MirrMurr the Spriggan Hunter began the quest for the Orb.
     0 | D:1      | Reached XP level 1. HP: 10/10 MP: 2/2
    30 | D:1      | Reached skill level 3 in Dodging
   112 | D:1      | Reached XP level 2. HP: 14/14 MP: 3/3
   451 | D:1      | Reached skill level 4 in Dodging
   585 | D:1      | Reached XP level 3. HP: 18/18 MP: 4/4
   621 | D:1      | Found Ugiann's Armour Boutique.
  1166 | D:2      | Reached skill level 5 in Dodging
  1166 | D:2      | Reached XP level 4. HP: 22/22 MP: 5/5
  1199 | D:2      | Noticed Sigmund
  1453 | D:2      | Killed Sigmund
  1454 | D:2      | Reached skill level 5 in Ranged Weapons
  1454 | D:2      | Reached skill level 6 in Dodging
  1454 | D:2      | Reached XP level 5. HP: 25/25 MP: 6/6
  1923 | D:3      | Slain by a gnoll

Illustrated notes

Levels and vault maps discovered:
D:1:      lemuel_arrival_behind_the_door_small, layout_loops_ring, serial_shops,
          shop_statue
D:2:      layout_loops_cross, uniq_sigmund
D:3:      layout_basic, nicolae_dithmenos_through_a_glass_darkly

Skill      XL: |  1  2  3  4 |
---------------+-------------+-----
Dodging        | 3 4 5 6 |  6.9
Ranged Weapons | 5 |  5.2
Fighting       | |  1.5
Stealth        | |  1.5

Action                     |  1- 3 |  4- 6 || total
---------------------------+-------+-------++-------
   Fire: Shortbow          |   118 |    24 ||   142
    Use: Scroll            |     1 |       ||     1
 Armour: Robe              |     1 |       ||     1
  Dodge: Dodged            |    28 |     3 ||    31
